 Dungeon Crawl Stone Soup version 0.24.0-125-gc4c63601f3 (webtiles) character file.

Game seed: 101651005664032934, levelgen mode: deterministic

239 straycat the Ducker (level 5, -1/61 HPs)
             Began as a Vampire Fighter on Mar 10, 2020.
             Slain by a scorpion (6 damage)
             ... on level 3 of the Dungeon.
             The game lasted 00:08:55 (1483 turns).

straycat the Ducker (Vampire Fighter)               Turns: 1483, Time: 00:08:56

Health: -1/61      AC:  8    Str: 20    XL:     5   Next: 79%
Magic:  5/5        EV: 10    Int: 11    God:
Gold:   87         SH: 10    Dex: 19    Spells: 4/4 levels left

rFire    . . .     SeeInvis +   a - +1 rapier
rCold    . . .     Gourm    .   c - +0 shield
rNeg     . . .     Faith    .   b - +0 scale mail
rPois    .         Spirit   .   (no helmet)
rElec    .         Reflect  .   q - +0 cloak
rCorr    .         Harm     .   e - +0 pair of gloves
MR       +....                  (no boots)
Stlth    ..........             (no amulet)
HPRegen  0.40/turn              g - ring of protection from magic
MPRegen  0.09/turn              j - +5 ring of dexterity

@: berserking, lethally poisoned (-1 -> -15), regenerating quickly, very quick
A: no food, fangs 3, see invisible, unbreathing
a: Exsanguinate


You were on level 3 of the Dungeon.
You were alive.

You visited 1 branch of the dungeon, and saw 3 of its levels.

You collected 87 gold pieces.

Inventory:

Hand Weapons
 a - a +1 rapier (weapon)
Missiles
 m - 40 arrows
Armour
 b - a +0 scale mail (worn)
 c - a +0 shield (worn)
 e - a +0 pair of gloves (worn)
 q - a +0 cloak (worn)
 s - a +0 ring mail
Jewellery
 g - a ring of protection from magic (left hand)
 j - a +5 ring of dexterity (right hand)
Scrolls
 f - a scroll of remove curse
 l - a scroll of amnesia {unknown}
 t - a scroll of teleportation
Potions
 d - a potion of might
 h - a potion of magic
 i - a potion of berserk rage
 k - a potion of ambrosia
 n - a potion of lignification {unknown}
 o - a potion of mutation {unknown}
 p - a potion of flight {unknown}


   Skills:
 + Level 3.6 Fighting
 - Level 2.1 Short Blades
 - Level 2.4 Armour
 * Level 3.7 Dodging
 + Level 3.7 Stealth
 + Level 3.5 Shields


You had 4 spell levels left.
You didn't know any spells.
Your spell library contained the following spells:

 Spells                   Type           Power        Failure   Level  Hunger
 Animate Skeleton         Necr           N/A          99%         1    N/A
 Apportation              Tloc           #.....       99%         1    N/A
 Confusing Touch          Hex            #.....       99%         1    N/A
 Summon Small Mammal      Summ           #...         99%         1    N/A

Dungeon Overview and Level Annotations

Branches:
Dungeon (3/15)

Altars:
Uskayaw
The Shining One


Innate Abilities, Weirdness & Mutations

You do not eat.
Your natural rate of healing is unusually fast.
You have razor-sharp teeth.
You have supernaturally acute eyesight. (SInv)
You can survive without breathing.


Message History

You are more poisoned.
The scorpion poisons you! The scorpion barely misses you.
You completely miss the scorpion.
The scorpion is severely wounded.
You feel sick. The scorpion barely misses you.
You hit the scorpion.
The scorpion is severely wounded.
You feel sick. The scorpion stings you!
* * * LOW HITPOINT WARNING * * *
You are more poisoned.
The scorpion poisons you!
Okay, then.
Unknown command.
* * * LOW HITPOINT WARNING * * *
You feel sick.
A red film seems to cover your vision as you go berserk!
You feel yourself moving faster!
You feel mighty!
* * * LOW HITPOINT WARNING * * *
You feel sick. The scorpion stings you.
You die...

#.##...# .#
#.##....?.#.#
#####'####....# #
#.............#.#
####.............'?
#................#
#.........###....#
#.........###....#
#..........@s....#
#....(.........###
#....(.........#
#..)...........#
#....(.........#
#..............#
################


You could see a scorpion.

Vanquished Creatures
  A sky beast (D:2)
  An orc wizard (D:3)
  A worker ant (D:2)
  3 adders
  An ooze (D:2)
  2 dart slugs (D:1)
  3 leopard geckos
  2 orcs (D:3)
  4 bats
  2 giant cockroaches (D:2)
  12 goblins
  6 hobgoblins
  2 quokkas (D:2)
  5 frilled lizards
  4 kobolds
  4 rats
53 creatures vanquished.

Notes
Turn   | Place    | Note
-------+----------+-------------------------------------------
     0 | D:1      | straycat the Vampire Fighter began the quest for the Orb.
     0 | D:1      | Reached XP level 1. HP: 17/17 MP: 1/1
   194 | D:1      | Reached skill level 1 in Dodging
   194 | D:1      | Reached skill level 1 in Stealth
   201 | D:1      | Reached XP level 2. HP: 22/23 MP: 2/2
   530 | D:2      | Reached XP level 3. HP: 28/29 MP: 3/3
   581 | D:2      | Noticed a sky beast
   622 | D:2      | Killed a sky beast
   622 | D:2      | Reached XP level 4. HP: 19/35 MP: 4/4
   622 | D:2      | Reached XP level 5. HP: 22/41 MP: 5/5
   944 | D:2      | Found a hide-covered altar of Uskayaw.
  1064 | D:2      | Found a glowing golden altar of the Shining One.
  1358 | D:3      | Found a faded altar of an unknown god.
  1483 | D:3      | Slain by a scorpion

Levels and vault maps discovered:
D:1:      lightli_arrival_statue_moat, layout_rooms
D:2:      layout_basic, old_standard_altar, lemuel_coloured_pillars_altar,
          first_ration, minmay_tromino_v4_b
D:3:      minmay_chambers_of_threes, layout_basic,
          chequers_ecumenical_altar_simple

Skill      XL: |  1  2  3 |
---------------+----------+-----
Dodging        | 1 3 |  3.7
Stealth        | 1 3 |  3.7
Fighting       | 3 |  3.6
Shields        | 3 |  3.5
Short Blades   | |  2.1
Armour         | |  2.4

Action                   |  1- 3 |  4- 6 || total
-------------------------+-------+-------++-------
Melee: Rapier            |    91 |    88 ||   179
       Bite              |     6 |    11 ||    17
  Use: Scroll            |     2 |     6 ||     8
       Potion            |       |     1 ||     1
Armor: Scale mail        |    34 |    32 ||    66
Dodge: Dodged            |    25 |    25 ||    50
Block: Shield            |    39 |    32 ||    71
